 Dungeon Crawl Stone Soup version 0.30.0-16-gbe6223bb7e (webtiles) character file.

Game seed: 11404219801661459149

765 AlmostDecent the Chopper (level 7, -3/44 HPs)
             Began as a Gargoyle Fighter on May 20, 2023.
             Slain by an ogre
             ... wielding a +0 giant club
              (18 damage)
             ... on level 5 of the Dungeon.
             The game lasted 00:09:24 (3985 turns).

AlmostDecent the Chopper (Gargoyle Fighter)         Turns: 3985, Time: 00:09:25

Health: -3/44      AC: 15    Str: 20    XL:     7   Next: 81%
Magic:  7/7        EV:  7    Int:  8    God:
Gold:   228        SH:  4    Dex: 11    Spells: 6/6 levels left

rFire   . . .        a - +0 war axe
rCold   . . .        c - +0 buckler
rNeg    + . .        f - +0 chain mail
rPois   ∞            (no helmet)
rElec   +            (no cloak)
rCorr   .            e - +0 pair of gloves
SInv    .            (no boots)
Will    .....        (no amulet) Stlth
                     (no ring)
HPRegen 0.27/turn    (no ring)
MPRegen 0.10/turn

%: no passive effects
@: mighty
A: sickness immunity, AC +4, negative energy resistance 1, electricity
resistance, torment resistance 1, petrification resistance
a: no special abilities


You were on level 5 of the Dungeon.
You visited 1 branch of the dungeon, and saw 5 of its levels.

You collected 228 gold pieces.

Inventory:

Hand Weapons
 a - a +0 war axe (weapon)
Armour
 c - a +0 buckler (worn)
 e - a +0 pair of gloves (worn)
 f - a +0 chain mail (worn)
 u - a +0 pair of gloves
Jewellery
 j - a ring of protection from fire
Wands
 r - a wand of flame (9)
Scrolls
 g - a scroll of brand weapon {unknown}
 h - 3 scrolls of teleportation {unknown}
 l - 2 scrolls of identify {unknown}
 m - a scroll of fear {unknown}
 n - a scroll of magic mapping {unknown}
 o - a scroll of enchant armour {unknown}
 t - a scroll of poison {unknown}
Potions
 b - a potion of cancellation {unknown}
 i - 4 potions of lignification {unknown}
 k - 3 potions of heal wounds
 p - 2 potions of flight {unknown}
 q - 2 potions of mutation {unknown}
 s - 5 potions of curing {unknown}


   Skills:
 + Level 4.6 Fighting
 * Level 7.3 Axes
 - Level 3.4 Armour
 - Level 3.4 Shields


You had 6 spell levels left.
You didn't know any spells.
Your spell library contained the following spells:

 Spells                   Type           Power      Damage    Failure   Level
 Gell's Gravitas          Tloc           0%         N/A       100%        3
 Teleport Other           Tloc           0%         N/A       100%        3
 Dispersal                Tloc           0%         N/A       100%        6


Dungeon Overview and Level Annotations

Branches:
Dungeon (5/15)
 Temple: D:4-7

Altars:
Ashenzari


Innate Abilities, Weirdness & Mutations

You are immune to sickness and miasma.
Your stone body is resilient. (AC +4)
You are immune to poison.
You resist negative energy. (rN+)
You are resistant to electric shocks. (rElec)
You are resistant to unholy torment.
You are immune to petrification.


Message History

Things that are here:
a +0 whip; a kobold skeleton
There is a stone staircase leading down here.
You climb downwards.
The ufetubus shouts!
The ogre shouts!
Found 2 boomerangs and a scroll labelled OGOHECWEAT.
There is a stone staircase leading up here.
There are monsters nearby!
The ufetubus hits you but does no damage. x2
You hit the ufetubus.
The ufetubus is severely wounded.
The ufetubus hits you but does no damage.
The ufetubus hits you.
The ufetubus hits you but does no damage. x2
You closely miss the ufetubus.
The ufetubus is severely wounded.
The ufetubus hits you but does no damage.
You block the ufetubus's attack. The ufetubus hits you.
The ufetubus hits you but does no damage.
You hit the ufetubus.
You kill the ufetubus!
There is a stone staircase leading up here.
You barely miss the ogre. The ogre hits you with a +0 giant club.
You slash the ogre!
The ogre is moderately wounded.
The ogre hits you with a +0 giant club!
You closely miss the ogre.
The ogre is moderately wounded.
The ogre hits you with a +0 giant club.
You hit the ogre but do no damage.
The ogre is moderately wounded.
You feel very mighty all of a sudden. The ogre hits you with a +0 giant club.
You barely miss the ogre.
The ogre is moderately wounded.
The ogre barely misses you.
You barely miss the ogre.
The ogre is moderately wounded.
The ogre hits you with a +0 giant club!!
You die...

### ..# #.###
####
##...##...#
##....?.....
###...........
#.............
#...@O(.....
##..........
##...##...#
##### ###


You could see an ogre.

Vanquished Creatures
  Grinder (D:4)
  A scorpion (D:4)
  A howler monkey (D:4)
  2 hounds (D:4)
  4 orc priests
  An iguana (D:4)
  2 orc wizards (D:4)
  7 adders
  2 ufetubi
  3 worms (D:3)
  5 dart slugs
  17 orcs
  6 endoplasms
  3 giant cockroaches
  11 hobgoblins
  A jackal (D:2)
  7 kobolds
  2 quokkas
  10 ball pythons
  6 bats
  5 frilled lizards
  11 goblins
  7 rats
115 creatures vanquished.

Notes
Turn   | Place    | Note
-------+----------+-------------------------------------------
     0 | D:1      | AlmostDecent the Gargoyle Fighter began the quest for the
                  | Orb.
     0 | D:1      | Reached XP level 1. HP: 14/14 MP: 1/1
   200 | D:1      | Reached skill level 2 in Axes
   200 | D:1      | Reached XP level 2. HP: 19/19 MP: 2/2
   527 | D:1      | Reached XP level 3. HP: 20/23 MP: 3/3
   989 | D:2      | Reached skill level 3 in Axes
  1066 | D:2      | Reached XP level 4. HP: 27/29 MP: 4/4
  1237 | D:2      | Reached skill level 4 in Axes
  1237 | D:2      | Reached XP level 5. HP: 3/33 MP: 5/5
  2770 | D:3      | Reached skill level 5 in Axes
  2770 | D:3      | Reached XP level 6. HP: 26/38 MP: 6/6
  2986 | D:4      | Noticed Grinder
  2986 | D:4      | Paralysed by Grinder for 5 turns
  2999 | D:4      | Paralysed by Grinder for 5 turns
  3010 | D:4      | Paralysed by Grinder for 5 turns
  3015 | D:4      | Killed Grinder
  3016 | D:4      | Reached skill level 6 in Axes
  3016 | D:4      | Reached XP level 7. HP: 42/44 MP: 7/7
  3086 | D:4      | Found a broken altar of Ashenzari.
  3556 | D:4      | Reached skill level 7 in Axes
  3972 | D:5      | Entered Level 5 of the Dungeon
  3985 | D:5      | Slain by an ogre

Illustrated notes

Levels and vault maps discovered:
D:1:      lemuel_arrival_rhombus, layout_loops_corners
D:2:      cheibrodos_pilgrimage, layout_basic, minmay_statues_item,
          minmay_unequal
D:3:      layout_loops_cross, ebering_dispersal_statue_hall, kennysheep_potato
D:4:      layout_layer_cave, lemuel_tele_altar, uniq_grinder
D:5:      layout_rooms, serial_shops, nicolae_shop_stone, uniq_eustachio

Skill      XL: |  1  2  3  4  5  6  7 |
---------------+----------------------+-----
Axes           | 2 3 4 5 6 7 |  7.3
Fighting       | 4 |  4.6
Armour         | |  3.4
Shields        | |  3.4

Action                     |  1- 3 |  4- 6 |  7- 9 || total
---------------------------+-------+-------+-------++-------
  Melee: War axe           |    97 |   174 |    76 ||   347
    Use: Potion            |       |     2 |     1 ||     3
 Armour: Chain mail        |    67 |   119 |    48 ||   234
         Scale mail        |     8 |       |       ||     8
  Dodge: Dodged            |    51 |    62 |    23 ||   136
  Block: Buckler           |    25 |    30 |     9 ||    64
